 Dungeon Crawl Stone Soup version 0.21.1-1-g345015f (webtiles) character file.

410 xccam the Cudgeler (level 6, -1/45 HPs)
             Began as a Minotaur Fighter on Feb 10, 2018.
             Was an Initiate of Okawaru.
             Killed from afar by Dowan (10 damage)
             ... with a stone arrow
             ... on level 4 of the Dungeon.
             The game lasted 00:08:18 (2423 turns).

xccam the Cudgeler (Minotaur Fighter)               Turns: 2423, Time: 00:08:21

Health: -1/45      AC: 13    Str: 25    XL:     6   Next: 58%
Magic:  0/5        EV:  8    Int:  5    God:    Okawaru [......]
Gold:   158        SH: 10    Dex: 10    Spells: 5/5 levels left

rFire    . . .     SeeInvis .   a - +1 flail
rCold    + . .     Gourm    .   c - +0 shield
rNeg     . . .     Faith    .   m - +2 scale mail {rC+}
rPois    .         Spirit   +   (helmet restricted)
rElec    .         Reflect  .   (no cloak)
rCorr    .         Harm     .   h - +0 pair of gloves
MR       .....     Clarity  +   (no boots)
Stlth    ..........             i - amulet of guardian spirit
HPRegen  0.15/turn              o - +3 ring of strength
MPRegen  0.09/turn              (no ring)

@: glowing
A: retaliatory headbutt, horns 2, thin metallic scales 2, clarity, frail 1
a: Renounce Religion


You were on level 4 of the Dungeon.
You worshipped Okawaru.
Okawaru was noncommittal.
You were not hungry.

You visited 1 branch of the dungeon, and saw 4 of its levels.

You collected 158 gold pieces.

Inventory:

Hand Weapons
 a - a +1 flail (weapon)
Armour
 c - a +0 shield (worn)
 h - a +0 pair of gloves (worn)
 m - a +2 scale mail of cold resistance (worn)
Jewellery
 i - an amulet of guardian spirit (around neck)
 o - a +3 ring of strength (left hand)
Scrolls
 g - 2 scrolls of remove curse
 j - 2 scrolls of magic mapping
 k - 4 scrolls of identify
 l - a scroll of teleportation
Potions
 b - a potion of agility
 d - a potion of might
 e - 3 potions of curing
Comestibles
 f - 5 rations
 n - a chunk of flesh


   Skills:
 - Level 3.6 Fighting
 + Level 5.9 Maces & Flails
 + Level 5.5 Armour
 - Level 0.5 Dodging
 - Level 0.2 Stealth
 + Level 5.6 Shields


You had 5 spell levels left.
You didn't know any spells.

Dungeon Overview and Level Annotations

Branches:
Dungeon (4/15)
 Temple: D:4-7

Altars:
Fedhas
Okawaru

Annotations:
D:4 Dowan


Innate Abilities, Weirdness & Mutations

You reflexively headbutt those who attack you in melee.
You have a pair of horns on your head.
You are mostly covered in thin metallic scales. (AC +3)
You possess an exceptional clarity of mind.
You are frail. (-10% HP)


Message History

You hit Dowan.
Dowan is almost dead.
Dowan closely misses you.
Dowan breathes, "And she was my only..."
Dowan closely misses you. You furiously retaliate!
You headbutt Dowan, but do no damage. You hit Dowan but do no damage.
Dowan is almost dead.
Dowan hits you with a dagger. Dowan casts a spell at you.
The shard of ice hits you! You partially resist.
* * * LOW HITPOINT WARNING * * *
You closely miss Dowan. Your headbutt misses Dowan.
Dowan is almost dead.
Dowan points at you and mumbles some strange words.
The shard of ice hits you! You partially resist.
* * * LOW HITPOINT WARNING * * *
Dowan casts a spell at you. The stone arrow hits you!
You die...

#.....#
#........#.....#
#........#.....#
#........#.....########
#./......#.............
#........####.#########
#).......# #†#
#....>...# #.#
#....e@..####.########
#.........(...........
#######.)......######.
#............#
#######......# #......#
########


You could see Dowan.

Vanquished Creatures
  Duvessa (D:4)
  A hound (D:4)
  2 orc wizards (D:3)
  A worker ant (D:2)
  10 adders
  A shadow imp (D:4)
  2 oozes (D:2)
  2 worms
  2 dart slugs
  A leopard gecko (D:1)
  7 orcs (D:3)
  6 giant cockroaches
  4 goblins
  6 hobgoblins
  5 jackals
  6 kobolds
  A quokka (D:2)
  A ball python (D:1)
  11 bats
  2 frilled lizards
  9 rats
81 creatures vanquished.

Notes
Turn   | Place    | Note
-------+----------+-------------------------------------------
     0 | D:1      | xccam the Minotaur Fighter began the quest for the Orb.
     0 | D:1      | Reached XP level 1. HP: 19/19 MP: 0/0
   158 | D:1      | Reached XP level 2. HP: 26/26 MP: 1/1
   496 | D:1      | Reached XP level 3. HP: 29/31 MP: 2/2
   951 | D:2      | Reached XP level 4. HP: 38/39 MP: 3/3
   956 | D:2      | Gained mutation: You are frail. (-10% HP) [potion of mutation]
   956 | D:2      | Gained mutation: You possess an exceptional clarity of mind. [potion of mutation]
   956 | D:2      | Gained mutation: You are partially covered in thin metallic scales. (AC +2) [potion of mutation]
   956 | D:2      | Gained mutation: You are mostly covered in thin metallic scales. (AC +3) [potion of mutation]
  1130 | D:2      | Found an iron altar of Okawaru.
  1157 | D:2      | Became a worshipper of Warmaster Okawaru
  1366 | D:3      | Reached XP level 5. HP: 40/40 MP: 4/4
  1560 | D:3      | Reached skill level 5 in Shields
  1881 | D:3      | Reached skill level 5 in Armour
  1889 | D:3      | Reached skill level 5 in Maces & Flails
  2158 | D:3      | Found a blossoming altar of Fedhas.
  2397 | D:4      | Noticed Dowan
  2399 | D:4      | Noticed Duvessa
  2402 | D:4      | Reached XP level 6. HP: 45/45 MP: 5/5
  2412 | D:4      | Killed Duvessa
  2423 | D:4      | Killed from afar by Dowan

Skill      XL: |  1  2  3  4  5 |
---------------+----------------+-----
Armour         | 4 5 |  5.5
Shields        | 4 5 |  5.6
Maces & Flails | 3 4 5 |  5.9
Fighting       | |  3.6
Dodging        | |  0.5
Stealth        | |  0.2

Action                   |  1- 3 |  4- 6 || total
-------------------------+-------+-------++-------
Melee: Flail             |    94 |   163 ||   257
       Headbutt          |    13 |    19 ||    32
  Use: Scroll            |     5 |     3 ||     8
       Potion            |     5 |     6 ||    11
  Eat: Chunk             |       |     5 ||     5
Armor: Scale mail        |    47 |    77 ||   124
Dodge: Dodged            |    34 |    55 ||    89
Block: Shield            |    58 |   101 ||   159
